 Dungeon Crawl Stone Soup version 0.27-a0-46-g34d46f0a3f (webtiles) character file.

Game seed: 14710412639936568448

3231 jasper the Cleaver (level 9, -1/73 HPs)
             Began as a Palentonga Delver on Jan 5, 2021.
             Was an Elder of Nemelex Xobeh.
             Slain by an iguana (9 damage)
             ... on level 7 of the Dungeon on Jan 6, 2021.
             The game lasted 00:11:08 (7198 turns).

jasper the Cleaver (Palentonga Delver)              Turns: 7198, Time: 00:11:09

Health: -1/73      AC: 19    Str: 19    XL:     9   Next: 66%
Magic:  8/9        EV:  4    Int: 10    God:    Nemelex Xobeh [****..]
Gold:   517        SH:  3    Dex: 12    Spells: 8/8 levels left

rFire    . . .     SeeInvis +   f - +2 war axe (flame)
rCold    . . .     Faith    +   w - +0 buckler
rNeg     . . .     Spirit   .   v - +0 chain mail
rPois    .         Reflect  .   (no helmet)
rElec    .         Harm     .   (no cloak)
rCorr    .         Rampage  .   F - +0 pair of gloves
Will     .....                  (no barding)
Stlth    ..........             p - amulet of faith
HPRegen  0.22/turn              q - +4 ring of slaying
MPRegen  0.11/turn              o - +4 ring of protection

@: curled up
A: large, rugged brown scales 3, see invisible, deformed body, roll 1, armoured
tail, reflexive curl
a: Rolling Charge, Renounce Religion, Draw Escape, Draw Destruction, Draw
Summoning, Triple Draw, Deal Four


You were on level 7 of the Dungeon.
You worshipped Nemelex Xobeh.
Nemelex Xobeh was greatly pleased with you.
You visited 1 branch of the dungeon, and saw 7 of its levels.

You collected 517 gold pieces.

Inventory:

Hand Weapons
 a - a +0 hand axe
 f - a +2 war axe of flaming (weapon)
 G - a +1 whip of flaming
 H - the cursed +0 whip of Juamics {antimagic, *Drain rPois Str+5}
   (You took it off a kobold on level 6 of the Dungeon)

   It reduces the magical energy of the wielder, and disrupts the spells and
   magical abilities of those hit.
   Natural abilities and divine invocations are not affected.
   It affects your strength (+5).
   It protects you from poison.
   It causes draining when unequipped.
   It has a curse placed upon it.
Missiles
 h - 463 stones
Armour
 b - a +0 leather armour
 i - a +0 scale mail
 v - a +0 chain mail (worn)
 w - a +0 buckler (worn)
 F - a +0 pair of gloves (worn)
Jewellery
 m - an uncursed ring of magical power
 o - a +4 ring of protection (right hand)
 p - an amulet of faith (around neck)
 q - a +4 ring of slaying (left hand)
 s - a +6 ring of dexterity
 y - an uncursed ring of fire {unknown}
 D - an uncursed amulet of magic regeneration {unknown}
 N - an uncursed ring of positive energy {unknown}
Wands
 g - a wand of digging (2)
 k - a wand of flame (13)
Scrolls
 c - a scroll of fog
 d - 3 scrolls of magic mapping
 e - 3 scrolls of fear
 l - a scroll of blinking {unknown}
 n - 7 scrolls of teleportation {unknown}
 t - 2 scrolls of enchant weapon {unknown}
 u - 2 scrolls of remove curse {unknown}
 C - 3 scrolls of identify {unknown}
 K - a scroll of acquirement {unknown}
 L - 2 scrolls of silence {unknown}
 O - a scroll of amnesia {unknown}
Potions
 j - a potion of resistance {unknown}
 r - a potion of berserk rage {unknown}
 x - a potion of haste
 z - a potion of cancellation {unknown}
 A - 2 potions of invisibility {unknown}
 B - a potion of flight {unknown}
 E - a potion of magic {unknown}
 I - 2 potions of ambrosia {unknown}
 J - a potion of mutation {unknown}
 M - a potion of attraction {unknown}


   Skills:
 - Level 3.0 Fighting
 + Level 13.3 Axes
 - Level 1.5 Dodging
 - Level 3.3 Stealth


You had 8 spell levels left.
You didn't know any spells.
Your spell library was empty.

Dungeon Overview and Level Annotations

Branches:
Dungeon (7/15)
 Temple: D:4-7

Altars:
Ashenzari
Gozag
Nemelex Xobeh
Okawaru
Uskayaw
Vehumet
The Shining One

Annotations:
D:7 Joseph


Innate Abilities, Weirdness & Mutations

You are completely covered in rugged brown scales. (AC +3, +7% HP)
You have supernaturally acute eyesight. (SInv)
Armour fits poorly on your strangely shaped body.
You can roll at nearby foes to attack.
You have a long armoured tail.
You curl defensively after being hit.


Message History

Roll where?
Press: ? - help, Q - select action, (/) - cycle Dir - move target, f - Joseph, p - iguana
Aim: Joseph, wielding a +0 hunting sling, wearing a +0 leather armour and quivering 13 sling bullets You roll forward with a clatter of scales!
Your chain mail prevents you from hitting Joseph.
A necrophage comes into view.
An orc comes into view.
Unknown command.
Okay, then.
You fail to use your ability.
Joseph unwields a +0 hunting sling.
Joseph wields a +0 quarterstaff.
Joseph hits you with a +0 quarterstaff!
Jasper's illusion hits Joseph.
Jasper's illusion burns Joseph.
You take 9 damage, and have 22/73 hp.
You fail to use your ability.
Jasper's illusion hits Joseph!
Jasper's illusion burns Joseph.
Joseph hits you but does no damage.
You fail to use your ability.
Jasper's illusion hits Joseph!
Jasper's illusion burns Joseph.
Joseph hits you with a +0 quarterstaff!
* * * LOW HITPOINT WARNING * * *
The iguana bites you!
You die...
Your body glows with a rainbow of weird colours and disappears.

.......... .........###
#.........+ #o.......# .
#.......# ..
#..n....###+###
#..###..@...........
##....#..@@..F.......
#..#..........l.........
#...#.......)))).5.....F.
##...........()().°.......
.......=.........#####....
#......(.......## .
#..#..........##
.#...........##
...#)...??..##


You could see Joseph, a necrophage, a bullfrog, an iguana, a shadow imp, an orc
and the friendly jasper's illusion (summoned).

Vanquished Creatures
  Pikel (D:5)
  Maggie (D:7)
  Grinder (D:5)
  Sigmund (D:6)
  Eustachio (D:6)
  Edmund (D:6)
  An orc warrior (D:6)
  3 ogres
  A centaur (D:6)
  3 lemures (D:5)
  Blork the orc (D:4)
  6 big kobolds (D:6)
  2 howler monkeys
  3 electric eels (D:6)
  A bullfrog zombie (D:4)
  A crimson imp (D:6)
  An orc wizard (D:7)
  An iguana (D:4)
  2 hounds (D:6)
  A jelly (D:6)
  A bullfrog skeleton (D:5)
  3 centaur skeletons
  Ijyb (D:5)
  3 worker ants
  8 adders
  A gnoll (D:6)
  A white imp (D:6)
  An ufetubus (D:6)
  An ooze (D:2)
  An adder zombie (D:6)
  An adder skeleton (D:7)
  5 worms
  A dart slug (D:2)
  10 orcs
  6 bats
  4 giant cockroaches
  5 goblins
  5 hobgoblins
  7 jackals
  4 quokkas
  4 frilled lizards
  42 kobolds
  6 rats
154 creatures vanquished.

Vanquished Creatures (collateral kills)
  An orc warrior (D:7)
  A centaur (D:7)
  A bullfrog (D:7)
  An orc (D:7)
4 creatures vanquished.

Grand Total: 158 creatures vanquished

Notes
Turn   | Place    | Note
-------+----------+-------------------------------------------
     0 | D:5      | jasper the Palentonga Delver began the quest for the Orb.
     0 | D:5      | Reached XP level 1. HP: 20/20 MP: 1/1
   224 | D:6      | Reached skill level 3 in Axes
   224 | D:6      | Reached XP level 2. HP: 27/27 MP: 2/2
   226 | D:6      | Noticed an ogre
   251 | D:5      | Noticed Ijyb
   271 | D:5      | Killed Ijyb
   272 | D:5      | Reached XP level 3. HP: 27/33 MP: 3/3
   350 | D:5      | Found a sparkling altar of Nemelex Xobeh.
   364 | D:5      | Became a worshipper of Nemelex Xobeh the Trickster
   385 | D:5      | Reached skill level 4 in Axes
   385 | D:5      | Reached XP level 4. HP: 39/40 MP: 4/4
   456 | D:4      | Noticed Blork the orc
   472 | D:4      | Killed Blork the orc
   473 | D:4      | Reached skill level 5 in Axes
   473 | D:4      | Reached XP level 5. HP: 15/48 MP: 5/5
  1059 | D:4      | Reached skill level 6 in Axes
  1204 | D:4      | Noticed an ogre
  1320 | D:5      | Noticed a lemure
  1321 | D:5      | Noticed a lemure
  1321 | D:5      | Noticed a lemure
  1322 | D:5      | Noticed Pikel
  1347 | D:5      | Killed a lemure
  1382 | D:5      | Killed a lemure
  1413 | D:5      | HP: 2/48 [lemure[Pikel] (1)]
  1419 | D:5      | Killed a lemure
  1825 | D:5      | Reached * piety under Nemelex Xobeh
  1932 | D:5      | Noticed a lemure
  1937 | D:5      | Noticed Grinder
  1946 | D:5      | Reached XP level 6. HP: 44/54 MP: 6/6
  1980 | D:6      | Identified the cursed +0 whip of Juamics {antimagic, *Drain
                  | rPois Str+5}
  1989 | D:6      | Received a gift from Nemelex Xobeh
  2265 | D:4      | Found an iron altar of Okawaru.
  2270 | D:4      | Reached skill level 7 in Axes
  2840 | D:1      | Reached ** piety under Nemelex Xobeh
  3623 | D:2      | Received a gift from Nemelex Xobeh
  3677 | D:2      | Upgraded the game from 0.27-a0-40-g5f2be0e231 to
                  | 0.27-a0-46-g34d46f0a3f
  3966 | D:3      | Found an opulent altar of Gozag.
  3967 | D:3      | Found a hide-covered altar of Uskayaw.
  3968 | D:3      | Found a radiant altar of Vehumet.
  4159 | D:3      | Reached *** piety under Nemelex Xobeh
  4362 | D:3      | Received a gift from Nemelex Xobeh
  4552 | D:3      | Found a glowing golden altar of the Shining One.
  4752 | D:4      | Found a broken altar of Ashenzari.
  4785 | D:4      | Gained mutation: You curl defensively after being hit.
                  | [Palentonga growth]
  4785 | D:4      | Reached XP level 7. HP: 55/60 MP: 7/7
  5051 | D:4      | Reached skill level 8 in Axes
  5228 | D:5      | Paralysed by Grinder for 3 turns
  5232 | D:5      | Killed Grinder
  5233 | D:5      | Reached skill level 9 in Axes
  5258 | D:5      | Killed Pikel
  5259 | D:5      | Reached skill level 10 in Axes
  5259 | D:5      | Reached XP level 8. HP: 67/67 MP: 8/8
  5615 | D:6      | Received a gift from Nemelex Xobeh
  5650 | D:6      | Noticed Eustachio
  5656 | D:6      | Killed Eustachio
  5757 | D:6      | Reached skill level 11 in Axes
  6196 | D:6      | Reached XP level 9. HP: 70/73 MP: 9/9
  6225 | D:6      | Reached **** piety under Nemelex Xobeh
  6236 | D:6      | Received a gift from Nemelex Xobeh
  6239 | D:6      | Noticed Edmund
  6250 | D:6      | Killed Edmund
  6251 | D:6      | Reached skill level 12 in Axes
  6655 | D:6      | Noticed Sigmund
  6660 | D:6      | Killed Sigmund
  7172 | D:7      | Received a gift from Nemelex Xobeh
  7177 | D:7      | Noticed Maggie
  7184 | D:7      | Killed Maggie
  7184 | D:7      | Noticed Joseph
  7185 | D:7      | Reached skill level 13 in Axes
  7198 | D:7      | Slain by an iguana

Illustrated notes

Levels and vault maps discovered:
D:1:      eino_arrival_water_cross, layout_loops_ring
D:2:      layout_loops_cross, minmay_heptomino_l4
D:3:      layout_basic, chequers_temple_overflow_statue_of_worship, tso_altar
D:4:      layout_loops_corners, kennysheep_mini_moat, evilmike_ruin_ashenzari,
          uniq_blork_the_orc
D:5:      layout_basic, lemuel_doored_altar, uniq_ijyb, uniq_pikel, uniq_grinder
D:6:      minmay_goblin_kobold_castle, layout_basic, minmay_fire_ice_demons,
          uniq_edmund, uniq_sigmund, uniq_eustachio
D:7:      layout_cave_pools, nicolae_qazlal_general_emergency,
          minmay_temple_entry_hall, kennysheep_diamond, uniq_joseph,
          uniq_maggie, uniq_harold, uniq_crazy_yiuf_cottage

Skill      XL: |  1  2  3  4  5  6  7  8  9 |
---------------+----------------------------+-----
Axes           | 3 4 5 6 7 10 11 13 | 13.3
Fighting       | |  3.0
Dodging        | |  1.5
Stealth        | |  3.3

Action                   |  1- 3 |  4- 6 |  7- 9 || total
-------------------------+-------+-------+-------++-------
Melee: Hand axe          |    21 |   120 |       ||   141
       Tailslap          |     5 |    18 |    11 ||    34
       War axe           |       |    84 |   144 ||   228
Invok: Draw Destruction  |       |       |     1 ||     1
       Triple Draw       |       |       |     1 ||     1
 Abil: Rolling Charge    |     6 |    23 |    24 ||    53
Evoke: Wand              |     1 |     1 |     7 ||     9
  Use: Potion            |       |     4 |       ||     4
Armor: Leather armour    |     7 |       |       ||     7
       Scale mail        |     3 |    60 |       ||    63
       Skin              |       |     1 |       ||     1
       Chain mail        |       |    31 |    94 ||   125
Dodge: Dodged            |     9 |    51 |    34 ||    94
Block: Buckler           |       |     4 |    14 ||    18

Table legend: (Time is in decaauts)
 A = Elapsed time spent in this place.
 B = Non-inter-level travel time spent in this place.
 C = Inter-level travel time spent in this place.
 D = Time resting spent in this place.
 E = Time spent auto-exploring this place.
 F = Levels seen in this place.
 G = Mean time per level.
                   A        B        C        D        E       F      G
               +--------+--------+--------+--------+--------+-----+--------+
         Total |   7196 |   6966 |    230 |   1066 |   4818 |   7 | 1028.0 |
       Dungeon |   7196 |   6966 |    230 |   1066 |   4818 |   7 | 1028.0 |
               +--------+--------+--------+--------+--------+-----+--------+

Top non-repeatable levels by time:
     D:6: 1883 daAuts
     D:4: 1713 daAuts
     D:5: 1424 daAuts
     D:3: 759 daAuts
     D:1: 713 daAuts
     D:2: 670 daAuts
     D:7: 31 daAuts
